 Dungeon Crawl Stone Soup version 0.22-a0-135-g6f012ad (webtiles) character file.

604 mortelune the Chiller (level 7, 0/46 HPs)
             Began as a Demonspawn Ice Elementalist on Feb 2, 2018.
             Slain by Duvessa
             ... wielding a +0 short sword
              (20 damage)
             ... on level 4 of the Dungeon.
             The game lasted 00:18:34 (5828 turns).

mortelune the Chiller (Demonspawn Ice Elementalist) Turns: 5828, Time: 00:18:34

Health: 0/46       AC:  7    Str:  8    XL:     7   Next: 18%
Magic:  2/12       EV: 12    Int: 18    God:
Gold:   170        SH:  0    Dex: 14    Spells: 3/13 levels left

rFire    + . .     SeeInvis .   z - -2 mace (curse)
rCold    . . .     Gourm    .   (no shield)
rNeg     . . .     Faith    .   a - +0 robe
rPois    .         Spirit   .   x - +1 helmet
rElec    .         Reflect  .   (no cloak)
rCorr    .         Harm     .   m - +2 pair of gloves
MR       .....                  (no boots)
Stlth    ++........             (no amulet)
HPRegen  0.15/turn              n - ring of flight
MPRegen  0.13/turn              (no ring)

@: very slightly contaminated
A: hooves 1, fire resistance 1, powered by pain 2
a: Evoke Flight


You were on level 4 of the Dungeon.
You were not hungry.

You visited 1 branch of the dungeon, and saw 4 of its levels.

You collected 170 gold pieces.

Inventory:

Hand Weapons
 g - a +0 dagger
 w - a +1 flail
 z - a cursed -2 mace (weapon)
Missiles
 v - 7 tomahawks of dispersal (quivered)
 B - 2 tomahawks of returning
Armour
 a - a +0 robe (worn)
 m - a +2 pair of gloves (worn)
 x - a +1 helmet (worn)
Jewellery
 n - a ring of flight (left hand)
Wands
 p - a wand of polymorph (18)
 r - a wand of flame (25)
Scrolls
 d - 2 scrolls of amnesia
 f - 2 scrolls of blinking
 h - 2 scrolls of enchant armour
 l - 2 scrolls of immolation
 s - a scroll of remove curse {unknown}
Potions
 e - a potion of invisibility {unknown}
 i - 2 potions of cancellation
 j - a potion of lignification {unknown}
 k - a potion of curing
 o - a potion of flight {unknown}
 q - 2 potions of haste
 t - 2 potions of heal wounds {unknown}
Books
 b - a book of Frost

   Spells                             Type                      Level
   a - Freeze                         Ice                          1
   b - Throw Frost                    Conjuration/Ice              2
   c - Ozocubu's Armour               Charms/Ice                   3
   d - Throw Icicle                   Conjuration/Ice              4
   e - Summon Ice Beast               Ice/Summoning                4
 y - a book of Misfortune

   Spells                             Type                      Level
   a - Confusing Touch                Hexes                        1
   b - Confuse                        Hexes                        3
   c - Gell's Gravitas                Translocation                3
   d - Petrify                        Transmutation/Earth          4
   e - Metabolic Englaciation         Hexes/Ice                    5
   f - Yara's Violent Unravelling     Hexes/Transmutation          5
Comestibles
 c - 7 rations
 u - 2 chunks of flesh


   Skills:
 - Level 1.7 Dodging
 - Level 1.7 Stealth
 + Level 3.9 Spellcasting
 + Level 3.1 Conjurations
 + Level 2.2 Summonings
 * Level 5.6 Ice Magic


You had 3 spell levels left.
You knew the following spells:

 Your Spells              Type           Power        Failure   Level  Hunger
a - Freeze                Ice            ###.         1%          1    None
b - Throw Frost           Conj/Ice       ###...       3%          2    ##.....
c - Ozocubu's Armour      Chrm/Ice       ##......     14%         3    ###....
d - Summon Ice Beast      Ice/Summ       ###.....     28%         4    ####...


Dungeon Overview and Level Annotations

Branches:
Dungeon (4/15)
 Temple: D:4-7

Altars:
Fedhas

Shops:
D:4 (

Annotations:
D:3 mortelune's ghost, amateur DsAK
D:4 Duvessa


Innate Abilities, Weirdness & Mutations

You have large cloven feet.
Your flesh is heat resistant. (rF+)
You sometimes gain power by taking damage.


Message History

Duvessa hits you with a short sword!
Casting: Freeze (safe; 1% risk of failure)
Confirm with . or Enter, or press ? or * to list all spells.
Aiming: Freeze (safe; 1% risk of failure)
Press: ? - help, Shift-Dir - straight line, f/p - Duvessa
Aim: Duvessa, wielding a short sword and wearing a leather armour (moderately wounded, berserk, fast, unusually strong)
You freeze Duvessa.
Duvessa is heavily wounded.
Duvessa hits you with a short sword! x2
* * * LOW HITPOINT WARNING * * *
You feel better. Duvessa barely misses you.
Casting: Freeze (safe; 1% risk of failure)
Confirm with . or Enter, or press ? or * to list all spells.
Aiming: Freeze (safe; 1% risk of failure)
Press: ? - help, Shift-Dir - straight line, f/p - Duvessa
Aim: Duvessa, wielding a short sword and wearing a leather armour (heavily wounded, berserk, fast, unusually strong)
You freeze Duvessa.
Duvessa is severely wounded.
Duvessa hits you with a short sword!!
You die...

#§.....≈#,.....+...#..<#####.#...
##≈...≈##,.....###.#..<...##.#...
,##...##,,.....* #.#..###.##>....
,,#####,,,.....###'#.............
,,.....,,,,........)#.#..........
,......*****###....÷#.#..........
,...####*######.....#.##.........
,,,,* *,,.............##.......##
,,,,* *,,.......@....###.......##
,,,,* *,,.......e....#...........
,,,,* *,,...?........#...........
,,,,* *,,%...........#...........
***** *,,............#...........
*,,............#...........
*,,............#,..........
*,,........$...#,..........
*,,,,,,,,,,,,,,*,..........


You could see Duvessa (berserk).

Vanquished Creatures
  3 ogres
  Dowan (D:4)
  2 orc priests
  An orc wizard (D:2)
  An iguana (D:2)
  Terence (D:2)
  A worker ant (D:4)
  4 adders
  3 gnolls
  An ooze (D:3)
  An adder skeleton (D:4)
  A dart slug (D:2)
  6 leopard geckos
  8 orcs
  2 ball pythons
  2 giant cockroaches (D:3)
  6 goblins
  2 hobgoblins (D:2)
  2 jackals (D:1)
  A quokka (D:3)
  6 bats
  8 frilled lizards
  8 kobolds
  A leopard gecko skeleton (D:3)
  A quokka skeleton (D:4)
  3 rats (D:2)
76 creatures vanquished.

Notes
Turn   | Place    | Note
-------+----------+-------------------------------------------
     0 | D:1      | mortelune the Demonspawn Ice Elementalist began the quest for the Orb.
     0 | D:1      | Reached XP level 1. HP: 13/13 MP: 3/3
   238 | D:1      | Reached skill level 3 in Ice Magic
   494 | D:1      | Gained mutation: You have large cloven feet. [demonic ancestry]
   494 | D:1      | Reached XP level 2. HP: 12/19 MP: 1/5
   951 | D:1      | Learned a level 2 spell: Throw Frost
  1497 | D:2      | Reached XP level 3. HP: 22/24 MP: 1/6
  1726 | D:2      | Found a blossoming altar of Fedhas.
  2069 | D:2      | Learned a level 3 spell: Ozocubu's Armour
  2115 | D:3      | Noticed mortelune's ghost (amateur DsAK)
  2556 | D:3      | Noticed Terence
  2615 | D:2      | Killed Terence
  2615 | D:2      | Reached skill level 4 in Ice Magic
  2615 | D:2      | Gained mutation: Your flesh is heat resistant. (rF+) [demonic ancestry]
  2615 | D:2      | Reached XP level 4. HP: 27/30 MP: 5/8
  3150 | D:2      | Gained mutation: You sometimes gain a little power by taking damage. [demonic ancestry]
  3150 | D:2      | Reached XP level 5. HP: 20/35 MP: 0/9
  3634 | D:3      | Learned a level 4 spell: Summon Ice Beast
  3662 | D:4      | Noticed an ogre
  4501 | D:4      | Found Amoqael's Weapon Shop.
  4505 | D:4      | Reached skill level 1 in Summonings
  4505 | D:4      | Gained mutation: You sometimes gain power by taking damage. [demonic ancestry]
  4505 | D:4      | Reached XP level 6. HP: 36/41 MP: 5/11
  4812 | D:4      | Reached skill level 5 in Ice Magic
  5346 | D:4      | Reached XP level 7. HP: 29/46 MP: 10/12
  5539 | D:4      | Noticed Dowan
  5763 | D:4      | Killed Dowan
  5821 | D:4      | Noticed Duvessa
  5828 | D:4      | Slain by Duvessa

Vault maps used:
D:1:      grunt_arrival_lava_bath, hangedman_abyss_or_decor_stabs,
          minmay_tromino_mix6
D:2:      fedhas_altar_3
D:3:      fountainhead, uniq_terence
D:4:      first_ration, kennysheep_windowed_goal, uniq_duvessa

Skill      XL: |  1  2  3  4  5  6 |
---------------+-------------------+-----
Ice Magic      | 3 4 5 |  5.6
Spellcasting   | 3 |  3.9
Conjurations   | 2 3 |  3.1
Summonings     | 1 2 |  2.2
Dodging        | |  1.7
Stealth        | |  1.7

Action                   |  1- 3 |  4- 6 |  7- 9 || total
-------------------------+-------+-------+-------++-------
Melee: Dagger            |     6 |       |       ||     6
       Unarmed           |     5 |       |       ||     5
       Kick              |     2 |     9 |       ||    11
       Flail             |       |    38 |       ||    38
 Cast: Freeze            |    52 |    68 |    12 ||   132
       Throw Frost       |     5 |    16 |     9 ||    30
       Ozocubu's Armour  |     1 |     5 |       ||     6
 Abil: Evoke Flight      |     1 |       |       ||     1
  Use: Scroll            |       |    11 |       ||    11
       Potion            |       |       |     1 ||     1
 Stab: Confused          |     1 |       |       ||     1
  Eat: Chunk             |     5 |    11 |     2 ||    18
Armor: Robe              |    10 |    41 |     2 ||    53
       Skin              |     1 |       |       ||     1
Dodge: Dodged            |    33 |    71 |     5 ||   109

Table legend:
 A = Spawn XP
 B = Non-spawn XP
 C = Spawn XP percentage of total XP
 D = Spawn monster count
 E = Non-spawn monster count
 F = Spawn count percentage of total count
 G = Total turns spent on level
                    A         B        C        D         E        F      G
               +---------+---------+-------+---------+---------+-------+---------
         Total |       0 |     863 |   0.0 |       0 |      76 |   0.0 |  5828
               +---------+---------+-------+---------+---------+-------+---------
           D:1 |       0 |      23 |   0.0 |       0 |      13 |   0.0 |  1130
           D:2 |       0 |     157 |   0.0 |       0 |      21 |   0.0 |  2360
           D:3 |       0 |     240 |   0.0 |       0 |      26 |   0.0 |  1202
           D:4 |       0 |     443 |   0.0 |       0 |      16 |   0.0 |  1136
               +---------+---------+-------+---------+---------+-------+---------
